 Dungeon Crawl Stone Soup version 0.22-a0-282-gdd34a7d (webtiles) character file.

19623 GizzardofKazz the Fencer (level 12, -29/106 HPs)
             Began as a Minotaur Berserker on Mar 17, 2018.
             Was a High Priest of Trog.
             Annihilated by a large slime creature (32 damage)
             ... while paralysed
             ... on level 12 of the Dungeon.
             The game lasted 00:41:31 (14877 turns).

GizzardofKazz the Fencer (Minotaur Berserker)      Turns: 14877, Time: 00:41:32

Health: -29/106    AC: 16    Str: 23    XL:     12   Next: 38%
Magic:  11/11      EV:  2    Int:  4    God:    Trog [*****.]
Gold:   864        SH:  0    Dex: 14    Spells: 11/11 levels left

rFire    . . .     SeeInvis .   v - +0 scimitar
rCold    . . .     Gourm    .   (no shield)
rNeg     . . .     Faith    .   q - +2 chain mail {MR+}
rPois    .         Spirit   .   (helmet restricted)
rElec    .         Reflect  .   (no cloak)
rCorr    .         Harm     .   f - +2 pair of gloves
MR       +....                  (no boots)
Stlth    ..........             (no amulet)
HPRegen  0.27/turn              u - +4 ring of evasion
MPRegen  0.12/turn              (no ring)

@: paralysed, lethally poisoned (-29 -> -42), berserk cooldown, slowed
A: retaliatory headbutt, horns 2
a: Berserk, Trog's Hand, Brothers in Arms, Renounce Religion


You were on level 12 of the Dungeon.
You worshipped Trog.
Trog was extremely pleased with you.
You were hungry.

You visited 1 branch of the dungeon, and saw 12 of its levels.
You also visited: Ossuary.

You collected 864 gold pieces.

Inventory:

Hand Weapons
 s - a +1 triple sword of electrocution
 v - a +0 scimitar (weapon)
 z - a +4 arbalest of flaming
Armour
 f - a +2 pair of gloves (worn)
 q - a +2 chain mail of magic resistance (worn)
Jewellery
 u - a +4 ring of evasion (left hand)
Wands
 p - a wand of digging (12)
Scrolls
 a - a scroll of identify
 d - 5 scrolls of teleportation
 j - 3 scrolls of enchant weapon
 k - 5 scrolls of fog
 r - 4 scrolls of remove curse
 x - a scroll of blinking {unknown}
 y - a scroll of noise {unknown}
Potions
 b - 3 potions of brilliance {unknown}
 e - 3 potions of heal wounds {unknown}
 g - 7 potions of curing
 h - 2 potions of might {unknown}
 i - a potion of flight {unknown}
 l - a potion of invisibility {unknown}
 m - 3 potions of lignification
 n - a potion of mutation {unknown}
 o - 4 potions of haste {unknown}
 t - 2 potions of degeneration {unknown}
 w - a potion of agility {unknown}
Comestibles
 c - 19 rations
 A - 2 chunks of flesh


   Skills:
 + Level 9.7 Fighting
 * Level 19.5 Long Blades
 + Level 9.3 Armour
 - Level 2.1 Dodging


You had 11 spell levels left.
You didn't know any spells.

Dungeon Overview and Level Annotations

Branches:
Dungeon (12/15)            Temple (0/1) D:4            Lair (0/6) D:9
    Orc (0/2) D:11

Altars:
Ashenzari
Fedhas
Gozag
Nemelex Xobeh
Qazlal
Ru
Sif Muna
Trog
Wu Jian
The Shining One
Beogh

Shops:
D:4 %   D:5 (   D:10 *


Innate Abilities, Weirdness & Mutations

You reflexively headbutt those who attack you in melee.
You have a pair of horns on your head.


Message History

You feel sick.
The slime creature hits you but does no damage.
The gnoll sergeant misses you.
You are feeling hungry.
You slash the slime creature!
The slime creature is almost dead.
You feel sick. The slime creature hits you!
* * * LOW HITPOINT WARNING * * *
You slice the slime creature!!
You kill the slime creature!
Trog accepts your kill.
You are no longer berserk.
You pass out from exhaustion.
You feel yourself slow down.
* * * LOW HITPOINT WARNING * * *
You feel sick.
The gnoll sergeant hits you but does no damage.
You are more poisoned.
The large slime creature hits you!!
You die...

#. # #.............#
#. #. #?............#
#. .##g.##.........#
#. ...g##.........###.
gy.##.............
#gg##.............
#gJ##.....(....##.
#@(##.[........##.
#.(##...#####..##.
#..##...# #..##.
#..##...# #..##.
#..##...# #..##.
#..##...# #..##.
#..##.......#####..##.
......................
######################


You could see a large slime creature, a gnoll sergeant, a killer bee and 5
gnolls.

Vanquished Creatures
  Rupert (D:12)
  Kirke (D:12)
  Erolcha (D:12)
  3 two-headed ogres
  An unseen horror (D:12)
  A necromancer (D:11)
  An oklob plant (D:12)
  2 manticores (D:11)
  A gargoyle (D:11)
  A centaur skeleton (D:10)
  A komodo dragon (D:12)
  3 trolls
  A hornet (D:12)
  The ghost of dracfodder the Poker, an amateur HuWn (D:5)
  2 slime creatures (D:12)
  2 hippogriffs
  11 yaks (D:11)
  A hungry ghost (D:7)
  A hog (D:12)
  2 wargs (D:9)
  Menkaure (D:5)
  2 soldier ants (D:9)
  2 black bears
  2 ice beasts
  7 orc warriors
  2 phantoms
  5 ogres
  An eye of draining (D:8)
  6 centaurs
  2 crocodiles
  A big kobold (D:8)
  4 bullfrogs
  A water moccasin zombie (D:6)
  2 scorpions
  19 killer bees
  3 howler monkeys
  3 crimson imps
  4 centaur zombies
  2 jellies (D:8)
  3 bullfrog zombies
  8 hounds
  8 orc priests
  2 bullfrog skeletons
  A gnoll shaman (D:4)
  15 orc wizards
  4 iguanas
  7 worker ants
  A polar bear simulacrum (D:11)
  2 yak simulacra (D:11)
  4 wolf simulacra (D:11)
  2 hound skeletons (D:4)
  13 mummies (Ossuary)
  4 gnolls
  6 adders
  4 shadow imps
  An ooze (D:3)
  An adder skeleton (D:5)
  An adder zombie (D:8)
  4 worms
  A dart slug (D:2)
  3 leopard geckos
  63 orcs
  3 ball pythons
  6 giant cockroaches
  A gnoll skeleton (Ossuary)
  9 goblins
  4 hobgoblins
  15 jackals
  11 kobolds
  5 quokkas
  6 bats
  4 frilled lizards
  A goblin skeleton (Ossuary)
  A jackal skeleton (D:6)
  4 kobold skeletons (Ossuary)
  2 orc skeletons (Ossuary)
  A quokka zombie (D:6)
  8 rats
  11 rat skeletons (Ossuary)
  4 river rat simulacra (D:11)
361 creatures vanquished.

Vanquished Creatures (others)
  3 humans (D:12)
3 creatures vanquished.

Grand Total: 364 creatures vanquished

Notes
Turn   | Place    | Note
-------+----------+-------------------------------------------
     0 | D:1      | GizzardofKazz the Minotaur Berserker began the quest for the Orb.
     0 | D:1      | Reached XP level 1. HP: 19/19 MP: 0/0
    46 | D:1      | Reached skill level 4 in Long Blades
    49 | D:1      | Reached XP level 2. HP: 26/26 MP: 1/1
   105 | D:1      | Reached skill level 5 in Long Blades
   187 | D:1      | Reached XP level 3. HP: 24/31 MP: 2/2
   409 | D:1      | Reached ** piety under Trog
   880 | D:2      | Reached skill level 6 in Long Blades
   880 | D:2      | Reached XP level 4. HP: 39/39 MP: 3/3
  1187 | D:2      | Found an opulent altar of Gozag.
  1776 | D:3      | Reached *** piety under Trog
  1778 | D:3      | Reached skill level 7 in Long Blades
  1778 | D:3      | Reached XP level 5. HP: 22/45 MP: 4/4
  2201 | D:3      | Noticed a fire elemental
  2203 | D:3      | Found a stormy altar of Qazlal.
  2204 | D:3      | Noticed a water elemental
  2204 | D:3      | Noticed an air elemental
  2613 | D:4      | Found a shattered altar of Ashenzari.
  2623 | D:4      | Found a deep blue altar of Sif Muna.
  2623 | D:4      | Found a blossoming altar of Fedhas.
  2629 | D:4      | Found a glowing golden altar of the Shining One.
  2629 | D:4      | Noticed an ogre
  2641 | D:4      | Killed an ogre
  2641 | D:4      | Reached skill level 8 in Long Blades
  2641 | D:4      | Reached XP level 6. HP: 29/51 MP: 5/5
  2966 | D:4      | Found Yfups's Food Emporium.
  3029 | D:4      | Reached skill level 9 in Long Blades
  3248 | D:4      | Found a staircase to the Ecumenical Temple.
  3605 | D:5      | Entered Level 5 of the Dungeon
  3638 | D:5      | Reached XP level 7. HP: 55/57 MP: 6/6
  3687 | D:5      | Noticed dracfodder's ghost (amateur HuWn)
  3696 | D:5      | Killed dracfodder's ghost
  3696 | D:5      | Reached skill level 10 in Long Blades
  3811 | D:5      | Found a sand-covered staircase.
  3816 | Ossuary  | Entered an ossuary
  4016 | Ossuary  | Reached skill level 11 in Long Blades
  4141 | Ossuary  | Reached **** piety under Trog
  4513 | D:5      | Reached XP level 8. HP: 62/64 MP: 7/7
  4540 | D:5      | Noticed Menkaure
  4545 | D:5      | Killed Menkaure
  4550 | D:5      | Found Mohexzoq's Weapon Emporium.
  4672 | D:5      | Reached skill level 12 in Long Blades
  5183 | D:6      | Found an ornate altar of the Wu Jian Council.
  5755 | D:6      | Reached skill level 13 in Long Blades
  6628 | D:7      | Reached XP level 9. HP: 70/70 MP: 8/8
  6771 | D:7      | Reached skill level 14 in Long Blades
  7779 | D:8      | Reached ***** piety under Trog
  7779 | D:8      | Reached skill level 15 in Long Blades
  8257 | D:8      | Noticed a two-headed ogre
  8268 | D:8      | Killed a two-headed ogre
  8268 | D:8      | Reached skill level 16 in Long Blades
  8268 | D:8      | Reached XP level 10. HP: 77/77 MP: 9/9
  8516 | D:8      | Received a gift from Trog
  9165 | D:8      | Found a bloodstained altar of Trog.
  9696 | D:9      | Found a sparkling altar of Nemelex Xobeh.
  9912 | D:9      | Found a sacrificial altar of Ru.
  9948 | D:9      | Reached skill level 5 in Fighting
  9950 | D:9      | Reached skill level 17 in Long Blades
  9964 | D:9      | Noticed a two-headed ogre
  9995 | D:9      | Killed a two-headed ogre
  9995 | D:9      | Reached skill level 5 in Armour
 10176 | D:9      | Found a transporter.
 10183 | D:9      | Found a roughly hewn altar of Beogh.
 10205 | D:9      | Found a transporter.
 10764 | D:9      | Found a staircase to the Lair.
 10952 | D:10     | Entered Level 10 of the Dungeon
 11038 | D:10     | Found Locagal's Assorted Antiques.
 11151 | D:10     | Reached XP level 11. HP: 89/91 MP: 10/10
 11214 | D:10     | Noticed a two-headed ogre
 11223 | D:10     | Killed a two-headed ogre
 12225 | D:11     | Reached skill level 18 in Long Blades
 12472 | D:11     | Noticed a necromancer
 12482 | D:11     | Killed a necromancer
 12614 | D:11     | Found a staircase to the Orcish Mines.
 12679 | D:11     | Received a gift from Trog
 13169 | D:11     | Found a roughly hewn altar of Beogh.
 14258 | D:12     | Found a deep blue altar of Sif Muna.
 14258 | D:12     | Noticed an oklob plant
 14268 | D:12     | Killed an oklob plant
 14400 | D:12     | Noticed Erolcha
 14409 | D:12     | Killed Erolcha
 14512 | D:12     | Noticed Kirke
 14534 | D:12     | Noticed a harpy
 14534 | D:12     | Noticed a harpy
 14535 | D:12     | Killed Kirke
 14535 | D:12     | Reached skill level 19 in Long Blades
 14535 | D:12     | Reached XP level 12. HP: 103/103 MP: 11/11
 14845 | D:12     | Noticed Rupert
 14848 | D:12     | Paralysed by Rupert for 6 turns
 14866 | D:12     | Killed Rupert
 14875 | D:12     | HP: 6/159 [slime creature (7)]
 14877 | D:12     | Annihilated by a large slime creature

Vault maps used:
D:1:      dpeg_arrival_chase, kennysheep_doodads
D:2:      grunt_gozag_breadcrumbs
D:3:      nicolae_qazlal_style_of_elements, first_ration, minmay_misc_feat_iff
D:4:      grunt_temple_overflow_open, minmay_temple_entry_enclosed_plants,
          serial_shops, shop_fountains, minmay_misc_feat_room
D:5:      serial_shops, nicolae_shop_waterfront, enter_ossuary_5, uniq_menkaure
D:6:      basic_altar
D:8:      bloody_trog, special_room
D:9:      gammafunk_beogh_shrine, nemelex_altar_shiori,
          nicolae_overflow_crystal_walls, erik_lair_orcish_takeover,
          hangedman_pestilent_swarm
D:10:     serial_shops, shop
D:11:     minmay_orc_entry_temple_small, eino_house_with_fridge
D:12:     hangedman_what_comes_after_a, grunt_decor_arrowhead,
          lemuel_oklob_altar, uniq_kirke, uniq_rupert, uniq_erolcha
Ossuary:  ossuary_due_small_catacomb

Skill      XL: |  1  2  3  4  5  6  7  8  9 10 11 12 |
---------------+-------------------------------------+-----
Long Blades    | 4 5 6 7 8 9 11 13 16 17 19 | 19.5
Fighting       | 6 8 9 |  9.7
Armour         | 5 8 9 |  9.3
Dodging        | |  2.1

Action                   |  1- 3 |  4- 6 |  7- 9 | 10-12 || total
-------------------------+-------+-------+-------+-------++-------
Melee: Falchion          |    65 |   123 |   408 |    59 ||   655
       Headbutt          |    10 |    31 |   102 |   124 ||   267
       Triple sword      |       |       |       |   132 ||   132
       Scimitar          |       |       |       |   297 ||   297
Invok: Berserk           |       |     1 |     5 |    11 ||    17
       Trog's Hand       |       |       |     1 |     3 ||     4
  Use: Scroll            |       |     4 |     5 |       ||     9
       Potion            |       |       |       |     2 ||     2
 Stab: Distracted        |       |       |       |     2 ||     2
  Eat: Chunk             |       |     9 |    20 |    26 ||    55
       Ration            |       |       |     1 |     2 ||     3
Armor: Ring mail         |    22 |    14 |       |       ||    36
       Scale mail        |       |    24 |       |       ||    24
       Chain mail        |       |     4 |   169 |   228 ||   401
Dodge: Dodged            |    42 |    58 |   104 |   226 ||   430
       Rpst.: Falchion   |     8 |    15 |    27 |     9 ||    59
       Triple sword      |       |       |       |    14 ||    14
       Scimitar          |       |       |       |    37 ||    37

Table legend:
 A = Spawn XP
 B = Non-spawn XP
 C = Spawn XP percentage of total XP
 D = Spawn monster count
 E = Non-spawn monster count
 F = Spawn count percentage of total count
 G = Total turns spent on level
                    A         B        C        D         E        F      G
               +---------+---------+-------+---------+---------+-------+---------
         Total |       0 |   28033 |   0.0 |       0 |     361 |   0.0 | 14877
               +---------+---------+-------+---------+---------+-------+---------
           D:1 |       0 |      55 |   0.0 |       0 |      25 |   0.0 |   609
           D:2 |       0 |      77 |   0.0 |       0 |      30 |   0.0 |   948
           D:3 |       0 |     104 |   0.0 |       0 |      14 |   0.0 |  1044
           D:4 |       0 |     449 |   0.0 |       0 |      18 |   0.0 |  1004
           D:5 |       0 |     891 |   0.0 |       0 |      30 |   0.0 |   849
           D:6 |       0 |     648 |   0.0 |       0 |      14 |   0.0 |  1343
           D:7 |       0 |    1045 |   0.0 |       0 |      15 |   0.0 |  1012
           D:8 |       0 |    3007 |   0.0 |       0 |      51 |   0.0 |  2094
           D:9 |       0 |    3808 |   0.0 |       0 |      49 |   0.0 |  1421
          D:10 |       0 |    1718 |   0.0 |       0 |       8 |   0.0 |   998
          D:11 |       0 |    5906 |   0.0 |       0 |      49 |   0.0 |  2308
          D:12 |       0 |   10075 |   0.0 |       0 |      26 |   0.0 |   619
       Ossuary |       0 |     250 |   0.0 |       0 |      32 |   0.0 |   628
               +---------+---------+-------+---------+---------+-------+---------
